 Dungeon Crawl Stone Soup version 0.30-a0-691-g754fce4c43 (webtiles) character file.

Game seed: 15894012792795175462

269 kae the Changer (level 6, 0/43 HPs)
             Began as a Demonspawn Transmuter on Jan 19, 2023.
             Slain by an orc
             ... wielding a +0 mace
              (7 damage)
             ... on level 5 of the Dungeon.
             The game lasted 00:02:49 (2952 turns).

kae the Changer (Demonspawn Transmuter)             Turns: 2952, Time: 00:02:50

Health: 0/43       AC:  2    Str: 14 (16) XL:     6   Next: 1%
Magic:  3/10       EV: 19    Int: 14 (17) God:
Gold:   261        SH:  0    Dex: 17 (18) Spells: 5/11 levels left

rFire   . . .      SeeInvis .      - Unarmed
rCold   . . .      Faith    .    (shield currently unavailable)
rNeg    . . .      Spirit   .    (body armour currently unavailable)
rPois   x          Reflect  .    (helmet currently unavailable)
rElec   .          Harm     .    (cloak currently unavailable)
rCorr   .          Rampage  .    (gloves currently unavailable)
Will    .....                    (boots currently unavailable)
Stlth   ++                       (no amulet)
HPRegen 0.27/turn                S - +6 ring of strength
MPRegen 0.12/turn                L - ring of flight

@: brilliant, lethally poisoned (0 -> -12), spider-form, flying, very slightly
contaminated
A: venomous fangs, tiny, (claws 2), demonic magic 1, (weakness stinger 1)
a: End Transformation


You were on level 5 of the Dungeon.
You were a venomous arachnid creature.
You visited 1 branch of the dungeon, and saw 5 of its levels.

You collected 261 gold pieces.


Innate Abilities, Weirdness & Mutations

You are a venomous arachnid creature.
You have venomous fangs.
You are tiny and dextrous.
Your spellcasting is less reliable in this form.
Your armour is entirely melded.
You are incapable of wielding weapons or throwing items.
((You have very sharp fingernails.))
Spells you cast may paralyse adjacent enemies.
((You have a small tail.))


   Skills:
 - Level 1.0 Fighting
 - Level 1.7 Dodging
 + Level 3.5 Unarmed Combat
 + Level 3.0 Spellcasting
 * Level 3.8 Transmutations
 * Level 2.7 Poison Magic


You had 5 spell levels left.
You knew the following spells:

 Your Spells              Type           Power      Damage    Failure   Level
a - Beastly Appendage     Tmut           38%        N/A       13%         1
b - Wereblood             Tmut           19%        N/A       19%         2
c - Spider Form           Tmut/Pois      16%        N/A       36%         3

Your spell library contained the following spells:

 Spells                   Type           Power      Damage    Failure   Level
 Necrotise                Necr           12%        1d4       43%         1
 Portal Projectile        Hex/Tloc       6%         N/A       75%         3
 Tukima's Dance           Hex            3%         N/A       75%         3
 Vampiric Draining        Necr           3%         2d6       75%         3
 Ice Form                 Ice/Tmut       11%        N/A       85%         4
 Blade Hands              Tmut           9%         N/A       90%         5
 Agony                    Necr           3%         N/A       100%        5
 Summon Forest            Summ/Tloc      1%         N/A       100%        5
 Summon Mana Viper        Hex/Summ       3%         N/A       100%        5
 Summon Cactus Giant      Summ           1%         N/A       100%        6

Inventory:

Missiles
 e - 3 atropa-tipped darts
 f - 25 stones
 i - 8 poisoned darts
Armour
 a - a +1 robe (melded)
Magical Staves
 m - a staff of earth {!a}
   (You found it on level 1 of the Dungeon)
Jewellery
 L - a ring of flight (right front pincers)
   (You found it on level 1 of the Dungeon)
 S - a +6 ring of strength (left front pincers)
   (You found it on level 2 of the Dungeon)
Wands
 d - a wand of flame (14)
   (You took it off a kobold on level 3 of the Dungeon)
 t - a wand of mindburst (9)
   (You found it on level 2 of the Dungeon)
Scrolls
 j - a scroll of torment {unknown}
 k - 5 scrolls of teleportation {@r4}
 l - 2 scrolls of noise {!r}
 n - a scroll of brand weapon {unknown}
 q - 2 scrolls of magic mapping {unknown}
 s - 6 scrolls of identify {unknown}
 u - a scroll of enchant armour
 v - a scroll of fear
 w - a scroll of amnesia {unknown}
Potions
 b - 3 potions of lignification {!q}
 c - a potion of brilliance
 h - 6 potions of curing {unknown}
 o - a potion of attraction {unknown}
 p - 2 potions of heal wounds {unknown}

Dungeon Overview and Level Annotations

Branches:
Dungeon (5/15) Zot: 26794
 Temple: D:4-7

Altars:

#.........[..#
+.......#.#..#
#.........#..# .
#............#
.###............#
................#
................#
.##.#...........#####.#
.##.#.<.........sso...#
...........#.#.o##)...#
....#..##'##.......#.##
....#.....#.##.###.# #
...###.####. #.# ...
...###.# .. ... ...
..........#.####. ...
.##.###### .#.#. ## .#


You could see a scorpion and 2 orcs.


Message History

Unknown command.
You reach down and open the door.
There is an open door here.
s - 6 scrolls labelled PYILUX LUDEANG (gained 1)
An orc comes into view. It is wielding a +0 dagger.
The orc shouts!
An orc is nearby!
An orc is nearby!
Casting: Spider Form (quite dangerous; 14% risk of failure)
Confirm with . or Enter, or press ? or * to list all spells.
You grow a pair of large bovine horns.
Your feet morph into talons.
Malevolent energies surge around you.
An orc priest comes into view.
It is wielding a +2 war axe of electrocution.
An orc comes into view. It is wielding a +0 flail. 😎 MP[-1]
You lost 1 mp, and now have 8/9 mp.
The orc hits you but does no damage.
You barely miss the orc.
The orc shouts!
You claw the orc, but do no damage.
A scorpion comes into view.
The orc barely misses you.
There are monsters nearby!
You claw the orc priest! You claw the orc priest.
You kill the orc priest!
An orc comes into view. It is wielding a +0 mace.
The orc hits you with a +0 dagger.
Your Spellcasting skill increases to level 3!
You have reached level 6!
Your demonic ancestry asserts itself...
You grow a small tail. 😕 HP[+4]
You now have 43 max hp (+6).
You regained 4 hp, and now have 41/43 hp.
Casting: Beastly Appendage (safe; 3% risk of failure)
Confirm with . or Enter, or press ? or * to list all spells.
You miscast Spider Form.
You are very lightly contaminated with residual magic.
Nothing appears to happen.
The orc shouts!
The scorpion stings you.
The orc suddenly grunts, as Orcs often do. 😕 HP[-2] MP[-3]
You take 2 damage, and now have 39/43 hp.
You lost 3 mp, and now have 5/10 mp.
Casting: Spider Form (dangerous; 14% risk of failure)
Confirm with . or Enter, or press ? or * to list all spells.
Your horns disappear.
Your talons disappear.
You turn into a venomous arachnid creature.
Your +1 robe melds into your body.
Malevolent energies surge around you. The scorpion stings you.
You are poisoned.
The scorpion poisons you!
You feel very sick.
The scorpion closely misses you. 😕 HP[-5] MP[-2]
You take 5 damage, and now have 34/43 hp.
You lost 2 mp, and now have 3/10 mp.
Casting: Spider Form (quite dangerous; 32% risk of failure)
Confirm with . or Enter, or press ? or * to list all spells.
The spell is quite dangerous to miscast (32% risk of failure)!
Continue anyway? [Y]es or [N]o only, please.
The spell is quite dangerous to miscast (32% risk of failure)!
Continue anyway?
Okay, then.
You barely miss the orc.
You feel very sick. The scorpion barely misses you. The scorpion stings you.
You are lethally poisoned!
The scorpion poisons you! 😮 HP[-6]
You take 6 damage, and now have 28/43 hp.
You bite the orc!
You kill the orc!
* * * LOW HITPOINT WARNING * * *
You feel extremely sick.
The scorpion completely misses you. 😨 HP[-7]
You take 7 damage, and now have 21/43 hp.
Unknown command.
It was a potion of degeneration.
There was something very wrong with that liquid.
You feel weakened.
You feel dopey.
You feel clumsy.
* * * LOW HITPOINT WARNING * * *
You feel very sick.
The scorpion completely misses you. 😨 HP[-5]
You take 5 damage, and now have 16/43 hp.
It was a potion of brilliance.
You feel clever all of a sudden.
* * * LOW HITPOINT WARNING * * *
You feel very sick. The orc completely misses you.
The scorpion closely misses you. 😨 HP[-5]
You take 5 damage, and now have 11/43 hp.
It was a potion of flight.
You feel more buoyant.
* * * LOW HITPOINT WARNING * * *
You feel very sick. The orc hits you with a +0 mace!
You die...

Skill      XL: |  1  2  3  4  5 |
---------------+----------------+-----
Transmutations | 2 3 |  3.8
Unarmed Combat | 3 |  3.5
Poison Magic   | 1 2 |  2.7
Spellcasting   | 3 |  3.0
Fighting       | |  1.0
Dodging        | |  1.7

Action                   |  1- 3 |  4- 6 || total
-------------------------+-------+-------++-------
Melee: Unarmed           |    84 |    58 ||   142
       Kick              |    13 |    11 ||    24
       Headbutt          |     5 |     8 ||    13
       Punch             |     1 |       ||     1
 Cast: Beastly Appendage |    24 |    14 ||    38
       Wereblood         |     1 |     1 ||     2
       Spider Form       |       |     3 ||     3
  Use: Scroll            |       |     9 ||     9
       Potion            |       |     3 ||     3
 Stab: Paralysed         |       |     6 ||     6
Armor: Robe              |    23 |     5 ||    28
Dodge: Dodged            |    44 |    27 ||    71

Levels and vault maps discovered:
D:1:      psy_arrival_whirlpool, layout_basic, minmay_close_crescents
D:2:      layout_basic, dreamdust_ecumenical_altar_hidden_monk_grotto
D:3:      layout_rooms
D:4:      layout_rooms
D:5:      layout_basic, minmay_temple_entry_statues_fountains

Notes
Turn   | Place    | Note
-------+----------+-------------------------------------------
     0 | D:1      | kae the Demonspawn Transmuter began the quest for the Orb.
     0 | D:1      | Reached XP level 1. HP: 15/15 MP: 3/3
     0 | D:1      | magus.rc [v1.11.3]
    70 | D:1      | Reached skill level 2 in Transmutations
   158 | D:1      | You feel monstrous as your demonic heritage exerts itself.
   158 | D:1      | Discovered your monstrous ancestry.
   158 | D:1      | Gained mutation: You have sharp fingernails. [demonic
                  | ancestry]
   158 | D:1      | Reached XP level 2. HP: 19/21 MP: 3/5
   672 | D:1      | Reached skill level 3 in Unarmed Combat
   678 | D:1      | Gained mutation: Spells you cast may paralyse adjacent
                  | enemies. [demonic ancestry]
   678 | D:1      | Reached XP level 3. HP: 25/26 MP: 6/6
   681 | D:1      | Learned a level 2 spell: Wereblood
   685 | D:1      | Learned a level 3 spell: Spider Form
   962 | D:2      | You pick up a book of the Wilderness and begin reading...
   962 | D:2      | You add the spells Summon Forest, Summon Mana Viper and
                  | Summon Cactus Giant to your library.
  1011 | D:2      | Found a faded altar of an unknown god.
  1052 | D:2      | You pick up a book of Necromancy and begin reading...
  1052 | D:2      | You add the spells Necrotise, Vampiric Draining and Agony
                  | to your library.
  1613 | D:3      | Reached skill level 1 in Poison Magic
  1616 | D:3      | Gained mutation: You have very sharp fingernails. [demonic
                  | ancestry]
  1616 | D:3      | Reached XP level 4. HP: 25/32 MP: 3/7
  1620 | D:3      | Reached skill level 3 in Transmutations
  1685 | D:3      | Identified the +4 falchion "Caxaj" {drain, rCorr}
  2390 | D:4      | Reached skill level 2 in Poison Magic
  2390 | D:4      | Reached XP level 5. HP: 37/37 MP: 5/9
  2535 | D:4      | You pick up a book of Weapons and begin reading...
  2535 | D:4      | You add the spells Tukima's Dance, Portal Projectile and
                  | Blade Hands to your library.
  2746 | D:5      | Entered Level 5 of the Dungeon
  2747 | D:5      | Noticed a black bear
  2836 | D:5      | Killed a black bear
  2944 | D:5      | Reached skill level 3 in Spellcasting
  2944 | D:5      | Gained mutation: You have a small tail. [demonic ancestry]
  2944 | D:5      | Reached XP level 6. HP: 41/43 MP: 8/10
  2952 | D:5      | HP: 7/43 [poisoned by a scorpion]
  2952 | D:5      | Slain by an orc

Vanquished Creatures
  A black bear (D:5)
  An orc priest (D:5)
  An iguana (D:4)
  3 adders
  4 gnolls (D:3)
  A worm (D:3)
  5 orcs
  4 ball pythons
  5 bats
  3 endoplasms
  A giant cockroach (D:1)
  10 goblins
  10 hobgoblins
  5 kobolds
  3 quokkas
  A frilled lizard (D:2)
  6 rats
64 creatures vanquished.

Table legend:
 A = Non-vault XP
 B = Vault XP
 C = Vault XP percentage of total XP
 D = Non-vault monster count
 E = Vault monster count
 F = Vault count percentage of total count
                 A         B        C        D         E       F
            +---------+---------+-------+---------+---------+-------
      Total |     380 |       5 |   1.3 |      61 |       3 |   4.7
            +---------+---------+-------+---------+---------+-------
        D:1 |      37 |       5 |  11.9 |      22 |       3 |  12.0
        D:2 |      29 |       0 |   0.0 |      11 |       0 |   0.0
        D:3 |      92 |       0 |   0.0 |      17 |       0 |   0.0
        D:4 |      57 |       0 |   0.0 |       6 |       0 |   0.0
        D:5 |     165 |       0 |   0.0 |       5 |       0 |   0.0
            +---------+---------+-------+---------+---------+-------

Illustrated notes

Table legend:
 A = Kills in this place as a percentage of kills in entire the game.
 B = Kills by you in this place as a percentage of kills by you in the entire game.
 C = Kills by friends in this place as a percentage of kills by friends in the entire game.
 D = Other kills in this place as a percentage of other kills in the entire game.
 E = Experience gained in this place as a percentage of experience gained in the entire game.
 F = Experience gained in this place divided by the number of levels of this place that you have seen.
                   A       B       C       D       E      F
               +-------+-------+-------+-------+-------+----------------------
         Total | 100.0 | 100.0 |   N/A |   N/A | 100.0 |  77.0
       Dungeon | 100.0 | 100.0 |   N/A |   N/A | 100.0 |  77.0
               +-------+-------+-------+-------+-------+----------------------

Table legend: (Time is in decaauts)
 A = Elapsed time spent in this place.
 B = Non-inter-level travel time spent in this place.
 C = Inter-level travel time spent in this place.
 D = Time resting spent in this place.
 E = Time spent auto-exploring this place.
 F = Levels seen in this place.
 G = Mean time per level.
                   A        B        C        D        E       F      G
               +--------+--------+--------+--------+--------+-----+--------+
         Total |   2944 |   2836 |    108 |     75 |   2278 |   5 |  588.8 |
       Dungeon |   2944 |   2836 |    108 |     75 |   2278 |   5 |  588.8 |
               +--------+--------+--------+--------+--------+-----+--------+

Top non-repeatable levels by time:
     D:1: 916 daAuts
     D:2: 743 daAuts
     D:3: 611 daAuts
     D:4: 499 daAuts
     D:5: 173 daAuts
